 Dungeon Crawl Stone Soup version 0.31-a0-217-g58bb5d7 (webtiles) character file.

Game seed: 15825321853221712619

101780 lyrin the Markself (level 15, 0/97 HPs)
             Began as a Deep Elf Hunter on July 2, 2023.
             Was the Champion of Fedhas.
             Slain by an entropy weaver (9 damage)
             ... on level 1 of the Spider Nest.
             The game lasted 00:47:47 (22046 turns).

lyrin the Markself (Deep Elf Hunter)               Turns: 22046, Time: 00:47:52

Health: 0/97       AC:  7    Str:  8    XL:     15   Next: 84%
Magic:  31/31      EV: 15    Int: 23    God:    Fedhas [******]
Gold:   3413       SH:  5    Dex: 20    Spells: 18/34 levels left

rFire   + . .        w - +7 longbow (flame)
rCold   . . .        (shield currently unavailable)
rNeg    . . .        m - +1 ring mail of Zin's Delight {Fly Regen+ Int+3}
rPois   +            i - +0 helmet
rElec   .            Q - +1 cloak {Stlth+}
rCorr   .            f - +0 pair of gloves
SInv    .            o - +0 pair of boots {Stlth+}
Will    +....        L - amulet of reflection
Stlth   ++++         h - +4 ring of protection
HPRegen 1.16/turn    Z - ring of the Greedy {rPois rF+}
MPRegen 0.22/turn

%: reflection
@: lethally poisoned (0 -> -2), corroded, flying
A: no striking features
a: Renounce Religion, Wall of Briars, Grow Ballistomycete, Overgrow, Grow Oklob


You were on level 1 of the Spider Nest.
You worshipped Fedhas.
Fedhas was exalted by your worship.
You visited 5 branches of the dungeon, and saw 24 of its levels.
You also visited: Ossuary and Ice Cave.

You collected 3647 gold pieces.
You spent 234 gold pieces at shops.

Inventory:

Hand Weapons
 d - the +27 heavy crossbow "Sniper" {heavy, Acc+∞ SInv}
   (You acquired it on level 6 of the Dungeon)

   Acc+∞: It never misses its target.
   SInv:      It lets you see invisible.
 w - a +7 longbow of flaming (weapon)
 M - the +8 Vampire's Tooth {megavamp}
   (You found it on level 8 of the Dungeon)
Missiles
 g - 3 throwing nets
 j - 23 poisoned darts
 S - 4 curare-tipped darts
Armour
 f - a +0 pair of gloves (worn)
 i - a +0 helmet (worn)
 m - the +1 ring mail of Zin's Delight (worn) {Fly Regen+ Int+3}
   (You bought it in a shop on level 1 of the Orcish Mines)

   Int:       It affects your intelligence (+3).
   Fly:       It grants you flight.
   Regen:     It increases your rate of health regeneration.
 o - a +0 pair of boots of stealth (worn)
 J - +0 acid dragon scales
 Q - a +1 cloak of stealth (worn)
Jewellery
 h - a +4 ring of protection (left hand)
 p - a ring of positive energy
 s - a ring of protection from cold
 I - a ring of wizardry
 L - an amulet of reflection (around neck)
 U - a +5 ring of evasion
 W - a +4 ring of protection
 Y - a ring of willpower
 Z - the ring of the Greedy (right hand) {rPois rF+}
   (You acquired it on level 1 of the Lair of Beasts)

   [ring of poison resistance]

   rF:        It protects you from fire.
   rPois:     It protects you from poison.
Wands
 q - a wand of paralysis (14)
 t - a wand of flame (70)
 G - a wand of polymorph (9)
 K - a wand of iceblast (21)
 P - a wand of mindburst (24)
Scrolls
 a - 3 scrolls of fear
 b - a scroll of butterflies
 c - 3 scrolls of poison
 e - 6 scrolls of immolation
 k - 5 scrolls of teleportation
 n - a scroll of revelation {unknown}
 r - 2 scrolls of blinking
 y - 2 scrolls of summoning
 E - 4 scrolls of fog
 O - 4 scrolls of vulnerability
 R - 2 scrolls of enchant armour {unknown}
 T - 2 scrolls of torment
 V - a scroll of silence {unknown}
Potions
 l - 8 potions of curing
 u - 7 potions of attraction
 v - 3 potions of mutation
 x - 2 potions of haste {unknown}
 z - 5 potions of might
 A - a potion of invisibility {unknown}
 B - 2 potions of magic {unknown}
 C - a potion of ambrosia {unknown}
 F - 5 potions of lignification
 N - 5 potions of enlightenment
 X - 2 potions of brilliance {unknown}
Miscellaneous
 H - a condenser vane (inert)


   Skills:
 + Level 12.8 Fighting
 - Level 3.5 Short Blades
 + Level 19.3 Ranged Weapons
 - Level 2.2 Armour
 + Level 9.6 Dodging
 + Level 4.8 Stealth
 + Level 3.2 Shields
 - Level 10.0 Spellcasting
 * Level 12.7 Hexes
 + Level 4.0 Translocations
 - Level 5.0 Fire Magic
 * Level 11.7 Invocations


You had 18 spell levels left.
You knew the following spells:

 Your Spells              Type           Power      Damage    Failure   Level
a - Dazzling Flash        Conj/Hex       80%        N/A       3%          3
b - Blink                 Tloc           58%        N/A       4%          2
c - Inner Flame           Hex/Fire       51%        N/A       1%          3
d - Portal Projectile     Hex/Tloc       98%        N/A       1%          3
e - Silence               Hex/Air        20%        N/A       34%         5

Your spell library contained the following spells:

 Spells                   Type           Power      Damage    Failure   Level
 Ensorcelled Hibernation  Hex/Ice        80%        N/A       1%          2
 Confusing Touch          Hex            63%        N/A       1%          3
 Cause Fear               Hex            31%        N/A       1%          4
 Apportation              Tloc           58%        N/A       3%          1
 Lesser Beckoning         Tloc           58%        N/A       4%          2
 Momentum Strike          Conj/Tloc      40%        3d9       11%         2
 Anguish                  Hex/Necr       20%        N/A       12%         4
 Leda's Liquefaction      Hex/Erth       20%        N/A       12%         4
 Kiss of Death            Conj/Necr      44%        2d8       17%         1
 Vhi's Electric Charge    Tloc/Air       40%        N/A       22%         3
 Cigotuvi's Dreadful Rot  Necr/Pois/Air  22%        N/A       26%         2
 Passwall                 Tmut/Erth      9%         N/A       26%         2
 Yara's Violent Unravell  Hex/Tmut       20%        3d9       34%         5
 Call Canine Familiar     Summ           11%        N/A       45%         3
 Swiftness                Air            11%        N/A       45%         3
 Enfeeble                 Hex            31%        N/A       61%         7
 Animate Armour           Summ/Erth      22%        N/A       86%         4
 Dispel Undead            Necr           11%        3d9       86%         4
 Summon Lightning Spire   Summ/Air       11%        N/A       86%         4
 Agony                    Necr           11%        N/A       99%         5
 Alistair's Intoxication  Tmut/Pois      7%         N/A       99%         5
 Arcjolt                  Conj/Air       5%         1d15      99%         5
 Blade Hands              Tmut           5%         N/A       99%         5
 Death Channel            Necr           5%         N/A       100%        6
 Plasma Beam              Fire/Air       11%        2x1d22    100%        6
 Borgnjor's Revivificati  Necr           5%         N/A       100%        8
 Necromutation            Tmut/Necr      5%         N/A       100%        8
 Death's Door             Necr           5%         N/A       100%        9


Dungeon Overview and Level Annotations

Branches:
Dungeon (15/15)            Temple (0/1) D:6            Lair (5/5) D:8
 Shoals (0/4) Lair:3       Spider (1/4) Lair:3        Slime (0/5) Lair:4
    Orc (2/2) D:12            Elf (1/3) Orc:2        Vaults (0/5) D:14
 Depths (0/4) D:15        Ossuary (visited)           IceCv (visited)

Altars:
Cheibriados
Dithmenos
Elyvilon
Fedhas
Okawaru
Qazlal
Sif Muna
Uskayaw
Xom
Zin

Shops:
D:7 [   D:12 [!   Orc:1 [   Orc:2 =(*[

Annotations:
D:4 Ijyb
D:6 1 runed translucent door, Crazy Yiuf
Lair:1 2 transporters
Lair:3 2 runed translucent doors, Mango's ghost, journeyman FoHs


Message History

Unknown command.
Fire: w) +7 longbow (flame)
Press: ? - help, Q - select action, (/) - cycle Shift-Dir - straight line, f/p - entropy weaver
Aim: an entropy weaver (almost dead, 71% to hit)
You shoot an arrow.
The arrow closely misses the entropy weaver.
You feel very sick.
The redback bites you but does no damage.
You block the entropy weaver's attack. The entropy weaver hits you! x2
You block the entropy weaver's attack.
Fire: w) +7 longbow (flame)
Press: ? - help, Q - select action, (/) - cycle Shift-Dir - straight line, f/p - entropy weaver
Aim: an entropy weaver (almost dead, 71% to hit)
You shoot an arrow.
The arrow closely misses the entropy weaver.
You feel sick. The redback closely misses you.
The entropy weaver hits you but does no damage.
The entropy weaver closely misses you. The entropy weaver misses you.
The entropy weaver hits you. The redback bites you!
* * * LOW HITPOINT WARNING * * *
Okay, then.
Aiming: Mindburst
Press: ? - help, Shift-Dir - straight line, f/p - entropy weaver
Aim: an entropy weaver (almost dead, chance to affect: 29%)
Okay, then.
Unknown command.
Unknown command.
Unknown command.
Okay, then.
Okay, then.
Unknown command.
Clouds condense from the air!
The condenser dries out!
You feel sick. The entropy weaver misses you.
You block the entropy weaver's attack. The entropy weaver hits you!
* * * LOW HITPOINT WARNING * * *
The entropy weaver hits you.
* * * LOW HITPOINT WARNING * * *
The redback barely misses you. The entropy weaver hits you!
You die...
Fedhas appreciates your contribution to the ecosystem.

## #≈ ~~ ##
.#~### #
^>~..## ..
##.....#...
###.†........
#≈..§#§......
#~##@s....#
##~^#B#.#.#...
#≈#..†###
#...###..#
##.## ^#...^
.. # .... #^.
.... .#. #....
#.#≈ #....


You could see an entropy weaver and a redback.

Vanquished Creatures
  A deep elf sorcerer (Elf:1)
  An orc warlord (Orc:2)
  2 very ugly things (IceCv)
  Nessos (D:14)
  Azrael (D:12)
  2 fire dragons
  2 ice dragons (D:15)
  A caustic shrike simulacrum (IceCv)
  6 hydras
  An ogre mage (Orc:1)
  A centaur warrior (D:14)
  3 boulder beetles
  3 dancing weapons
  6 death yaks (Lair:2)
  A death knight (D:14)
  5 two-headed ogres
  2 tengu warriors (D:15)
  Urug (Lair:3)
  5 orc high priests
  A deep elf knight (Elf:1)
  Sonja (Lair:5)
  A spriggan (Lair:1)
  3 skysharks
  2 skeletal warriors (D:14)
  Lodul (D:14)
  A glowing orange brain (shapeshifter) (D:13)
  Pikel (D:4)
  A deep elf archer (Elf:1)
  2 orange crystal statues (IceCv)
  2 lindwurms
  3 orc sorcerers (Orc:2)
  9 deep elf pyromancers
  7 orc knights
  4 deep elf zephyrmancers (Elf:1)
  2 manticores
  13 ugly things
  A manticore (shapeshifter) (D:15)
  Maurice (D:9)
  16 elephants
  3 black mambas (Lair:5)
  2 molten gargoyles (Lair:5)
  Maggie (D:6)
  3 gargoyles
  A yaktaur (D:15)
  10 cane toads
  13 komodo dragons
  3 freezing wraiths (IceCv)
  An anaconda simulacrum (IceCv)
  2 golden dragon simulacra (IceCv)
  A polar bear (Lair:5)
  10 trolls
  A wind drake (Lair:3)
  Prince Ribbit (D:7)
  A hornet (Lair:1)
  8 blink frogs
  2 slime creatures (Lair:4)
  A vampire (D:13)
  A culicivora (Spider:1)
  A dire elephant simulacrum (IceCv)
  3 wraiths
  A shadow (D:11)
  5 wyverns
  16 humans (D:14)
  40 yaks
  5 fire elementals (D:12)
  A golden eye (shapeshifter) (D:13)
  Eustachio (D:5)
  5 basilisks
  4 steam dragons
  5 vampire mosquitoes
  2 redbacks (Spider:1)
  4 harpy simulacra (IceCv)
  7 wargs
  2 acid dragons
  2 hydra simulacra (IceCv)
  18 water moccasins
  6 hell hounds
  Duvessa (D:7)
  An ice beast (D:4)
  4 black bears
  3 ettin simulacra (IceCv)
  9 ogres
  34 orc warriors
  13 wolves
  A sky beast (D:7)
  2 alligator simulacra (IceCv)
  6 centaurs
  3 lemures
  2 kobold brigands
  Blork the orc (D:6)
  11 bullfrogs
  2 gnoll sergeants
  15 scorpions
  Dowan (D:7)
  A lindwurm simulacrum (IceCv)
  8 killer bees (D:8)
  8 howler monkeys
  5 electric eels
  3 centaur zombies (Ossuary)
  3 human zombies (Ossuary)
  9 lava snakes
  25 orc priests
  4 hounds
  6 jellies
  3 iguanas
  21 orc wizards
  6 scorpion zombies (Ossuary)
  3 mummies (Ossuary)
  7 gnolls
  13 adders
  2 shadow imps
  3 white imps (D:7)
  6 worms
  2 dart slugs
  94 orcs
  6 endoplasms
  A giant cockroach (D:1)
  8 goblins
  6 hobgoblins
  16 kobolds
  6 quokkas
  6 ball pythons
  4 bats
  5 frilled lizards (D:2)
  A gnoll zombie (Ossuary)
  4 goblin zombies
  4 hobgoblin zombies (Ossuary)
  3 kobold zombies (Ossuary)
  2 orc zombies (Ossuary)
  4 rats (D:1)
  A butterfly (Lair:2)
728 creatures vanquished.

Vanquished Creatures (collateral kills)
  2 deep elf pyromancers (Elf:1)
  A deep elf zephyrmancer (Elf:1)
  A black bear (Lair:2)
  An orc priest (Orc:2)
  An orc wizard (Orc:2)
  A gnoll (D:9)
  An orc (Orc:2)
8 creatures vanquished.

Vanquished Creatures (others)
  A deep elf pyromancer (Elf:1)
  An orc (Orc:1)
  An endoplasm (D:4)
3 creatures vanquished.

Grand Total: 739 creatures vanquished

Notes
Turn   | Place    | Note
-------+----------+-------------------------------------------
     0 | D:1      | lyrin the Deep Elf Hunter began the quest for the Orb.
     0 | D:1      | Reached XP level 1. HP: 12/12 MP: 3/3
   153 | D:1      | Found a faded altar of an unknown god.
   202 | D:1      | Reached XP level 2. HP: 16/16 MP: 4/4
   252 | D:1      | Reached skill level 6 in Ranged Weapons
   590 | D:2      | Reached XP level 3. HP: 21/21 MP: 5/5
   886 | D:2      | Found a glowing silver altar of Zin.
   900 | D:2      | Reached skill level 7 in Ranged Weapons
  1011 | D:3      | Reached XP level 4. HP: 26/26 MP: 6/6
  1048 | D:3      | Found an iron altar of Okawaru.
  1158 | D:3      | Reached skill level 1 in Armour
  1179 | D:3      | Reached XP level 5. HP: 30/30 MP: 7/7
  1502 | D:3      | Found a blossoming altar of Fedhas.
  1510 | D:3      | Became a worshipper of Fedhas Madash
  1914 | D:4      | Found a shimmering blue altar of Sif Muna.
  1954 | D:4      | Noticed an angel
  1958 | D:4      | Reached skill level 8 in Ranged Weapons
  1958 | D:4      | Found a shimmering altar of Xom.
  1958 | D:4      | Found a glowing silver altar of Zin.
  2031 | D:4      | Found a sand-covered staircase.
  2045 | Ossuary  | Entered an ossuary
  2071 | Ossuary  | Reached XP level 6. HP: 36/36 MP: 8/8
  2161 | Ossuary  | Reached skill level 9 in Ranged Weapons
  2250 | Ossuary  | Reached XP level 7. HP: 40/41 MP: 9/9
  2279 | Ossuary  | Reached * piety under Fedhas
  2440 | Ossuary  | Reached skill level 10 in Ranged Weapons
  2603 | Ossuary  | Reached skill level 11 in Ranged Weapons
  2646 | Ossuary  | Reached XP level 8. HP: 42/47 MP: 10/10
  2915 | Ossuary  | Reached skill level 12 in Ranged Weapons
  3023 | D:4      | Reached ** piety under Fedhas
  3036 | D:4      | Found a shadowy altar of Dithmenos.
  3057 | D:4      | Noticed Ijyb
  3470 | D:5      | Entered Level 5 of the Dungeon
  3555 | D:5      | Noticed Eustachio
  3728 | D:5      | Killed Eustachio
  3829 | D:5      | Found a white marble altar of Elyvilon.
  3855 | D:5      | Reached skill level 13 in Ranged Weapons
  4145 | D:5      | Noticed Pikel
  4352 | D:5      | Reached XP level 9. HP: 53/53 MP: 11/11
  4356 | D:5      | Learned a level 3 spell: Dazzling Flash
  4492 | D:4      | Killed Pikel
  4493 | D:4      | Reached skill level 5 in Fighting
  4710 | D:6      | Identified a scroll of acquirement
  4711 | D:6      | Acquired the +27 heavy crossbow "Sniper" {heavy, Acc+∞
                  | SInv}
  4711 | D:6      | Found the +27 heavy crossbow "Sniper" {heavy, Acc+∞ SInv}
  4769 | D:6      | Reached skill level 1 in Short Blades
  4787 | D:6      | Noticed a troll
  4788 | D:6      | Killed a troll
  4984 | D:6      | Noticed Blork the orc
  4985 | D:6      | Killed Blork the orc
  4986 | D:6      | Reached skill level 5 in Dodging
  5079 | D:6      | Found a staircase to the Ecumenical Temple.
  5295 | D:6      | Found a runed translucent door.
  5296 | D:6      | Noticed Crazy Yiuf
  5344 | D:6      | Reached *** piety under Fedhas
  5377 | D:6      | Noticed Maggie
  5379 | D:6      | Killed Maggie
  5380 | D:6      | Reached skill level 1 in Spellcasting
  5380 | D:6      | Reached skill level 5 in Hexes
  5607 | D:6      | Found a stormy altar of Qazlal.
  5759 | D:7      | Noticed Prince Ribbit
  5761 | D:7      | Killed Prince Ribbit
  5772 | D:7      | Reached XP level 10. HP: 60/60 MP: 15/15
  5999 | D:7      | Noticed Dowan
  6000 | D:7      | Killed Dowan
  6005 | D:7      | Noticed Duvessa
  6006 | D:7      | Killed Duvessa
  6187 | D:7      | Reached skill level 5 in Invocations
  6238 | D:7      | Found Emalauk's Antique Armour Boutique.
  6444 | D:8      | Found the +8 Vampire's Tooth {megavamp}
  6448 | D:8      | Reached **** piety under Fedhas
  6756 | D:8      | Found a staircase to the Lair.
  6805 | D:8      | Found a snail-covered altar of Cheibriados.
  6927 | D:8      | Learned a level 2 spell: Blink
  7103 | D:8      | Reached skill level 1 in Translocations
  7470 | D:9      | Noticed Maurice
  7472 | D:9      | Killed Maurice
  7556 | D:9      | Noticed a two-headed ogre
  7557 | D:9      | Killed a two-headed ogre
  7572 | D:9      | Reached XP level 11. HP: 68/68 MP: 16/19
  7703 | D:9      | Learned a level 3 spell: Inner Flame
  7959 | D:9      | Reached skill level 1 in Fire Magic
  8022 | D:9      | Identified the +0 flail of Zoreq {heavy, rPois rF- Dex+5
                  | SInv}
  8030 | D:9      | Found a hide-covered altar of Uskayaw.
  8032 | D:9      | Noticed a +0 dagger
  8032 | D:9      | Noticed a +0 hand axe
  8357 | D:10     | Entered Level 10 of the Dungeon
  8362 | D:10     | Reached ***** piety under Fedhas
  9800 | D:11     | Noticed a brown ugly thing
  9801 | D:11     | Killed a brown ugly thing
  9942 | D:12     | Noticed a purple ugly thing
  9944 | D:12     | Killed a purple ugly thing
 10003 | D:12     | Noticed a deep elf pyromancer
 10004 | D:12     | Killed a deep elf pyromancer
 10028 | D:12     | Noticed a boulder beetle
 10073 | D:12     | Killed a boulder beetle
 10155 | D:12     | Noticed Azrael
 10375 | D:12     | Found Kuhaitsu's Armour Shoppe.
 10383 | D:12     | Found a staircase to the Orcish Mines.
 10385 | D:12     | Found Mironus's Weapon Shoppe.
 10589 | D:12     | Reached XP level 12. HP: 76/76 MP: 20/20
 10635 | D:12     | Found Qetaf's Distillery.
 10835 | D:12     | Killed Azrael
 11236 | D:13     | Reached skill level 10 in Fighting
 11554 | D:13     | Acquired 841 gold pieces
 11922 | D:14     | Noticed Lodul
 11923 | D:14     | Noticed Nessos
 11924 | D:14     | Killed Lodul
 11943 | D:14     | Killed Nessos
 12126 | D:14     | Learned a level 3 spell: Portal Projectile
 12133 | D:14     | Found a gate to the Vaults.
 12161 | D:14     | Noticed a centaur warrior
 12162 | D:14     | Killed a centaur warrior
 12287 | D:14     | Noticed a death knight
 12297 | D:14     | Killed a death knight
 12499 | D:14     | Reached skill level 5 in Spellcasting
 12517 | D:14     | Reached XP level 13. HP: 84/84 MP: 17/23
 12845 | D:15     | Entered Level 15 of the Dungeon
 12955 | D:15     | Noticed a fire dragon
 12977 | D:15     | Reached skill level 5 in Fire Magic
 12998 | D:15     | Found a frozen archway.
 13004 | IceCv    | Entered an ice cave
 13109 | IceCv    | Noticed a white very ugly thing
 13123 | IceCv    | Killed a white very ugly thing
 13124 | IceCv    | Reached skill level 14 in Ranged Weapons
 13236 | IceCv    | Noticed a white very ugly thing
 13238 | IceCv    | Killed a white very ugly thing
 13397 | IceCv    | Identified the +6 hand axe "Sehomaqieph" {freeze, *Corrode
                  | Will++ MP+9}
 13418 | IceCv    | Identified the +11 great sword of Crystal {vamp, *Corrode
                  | Will- Dex+4}
 13497 | D:15     | Killed a fire dragon
 13537 | D:15     | Reached skill level 10 in Invocations
 13818 | D:15     | Reached skill level 15 in Ranged Weapons
 13821 | D:15     | Found a staircase to the Depths.
 13998 | Orc:1    | Entered Level 1 of the Orcish Mines
 14230 | D:12     | Reached ****** piety under Fedhas
 14903 | Orc:1    | Reached skill level 1 in Shields
 14903 | Orc:1    | Reached skill level 10 in Hexes
 14907 | Orc:1    | Reached XP level 14. HP: 92/92 MP: 25/25
 14946 | Orc:1    | Found Ufownesch's Antique Armour Shoppe.
 14953 | Orc:1    | Bought a distressingly furry ring mail for 234 gold pieces
 14953 | Orc:1    | Identified the +1 ring mail of Zin's Delight {Fly Regen+
                  | Int+3} (You bought it in a shop on level 1 of the Orcish
                  | Mines)
 15141 | Orc:2    | Entered Level 2 of the Orcish Mines
 15566 | Orc:2    | Found a staircase to the Elven Halls.
 15574 | Orc:2    | Learned a level 5 spell: Silence
 15587 | Orc:2    | Reached skill level 16 in Ranged Weapons
 15700 | Orc:2    | Noticed an orc warlord
 16029 | Orc:2    | Killed an orc warlord
 16291 | Orc:2    | Found Kiupop's Antique Armour Shoppe.
 16292 | Orc:2    | Found Qyoshruhy's Antique Weapon Shoppe.
 16294 | Orc:2    | Found Zowahy's General Store.
 16294 | Orc:2    | Found Tink's Jewellery Emporium.
 16745 | Lair:1   | Entered Level 1 of the Lair of Beasts
 16904 | Lair:1   | Found a transporter.
 16931 | Lair:1   | Found a transporter.
 16933 | Lair:1   | Acquired the ring of the Greedy {rPois rF+}
 17279 | Lair:1   | Reached skill level 17 in Ranged Weapons
 18476 | Lair:3   | Found a staircase to the Shoals.
 18570 | Lair:3   | Reached XP level 15. HP: 97/97 MP: 29/29
 18600 | Lair:3   | Found a hole to the Spider Nest.
 18697 | Lair:3   | Found a large runed translucent door.
 18702 | Lair:3   | Found a large runed translucent door.
 18702 | Lair:3   | Noticed Urug
 18704 | Lair:3   | Killed Urug
 18707 | Lair:3   | Noticed Mango's ghost (journeyman FoHs)
 19089 | Lair:3   | Reached skill level 18 in Ranged Weapons
 19258 | Lair:4   | Found a staircase to the Slime Pits.
 19848 | Lair:5   | Entered Level 5 of the Lair of Beasts
 19946 | Lair:5   | Identified the scarf of Ytedghex {rC+ rF+, -Cast Dex+2
                  | SInv}
 20059 | Lair:5   | Noticed Sonja
 20060 | Lair:5   | Killed Sonja
 20638 | Lair:5   | Found a large runed translucent door.
 20639 | Lair:5   | Found a large runed translucent door.
 20974 | Lair:5   | Identified the +1 chain mail "Keriyfed" {Str+5 Slay+3}
 21286 | Elf:1    | Entered Level 1 of the Elven Halls
 21471 | Elf:1    | Reached skill level 19 in Ranged Weapons
 21607 | Elf:1    | Noticed a deep elf sorcerer
 21613 | Elf:1    | Killed a deep elf sorcerer
 21615 | Elf:1    | Reached skill level 10 in Spellcasting
 22007 | Spider:1 | Entered Level 1 of the Spider Nest
 22046 | Spider:1 | Slain by an entropy weaver

Illustrated notes

Levels and vault maps discovered:
D:1:      tarquinn_simple_flora_water_f, layout_rooms,
          hellmonk_ecumenical_altar_slurped_away
D:2:      layout_rooms, basic_altar, serial_bayou_crossing
D:3:      layout_basic, mainiacjoe_overflow_chevrons, lemuel_round_altar,
          nicolae_half_adder
D:4:      kennysheep_the_goblin_king, layout_basic,
          grunt_temple_overflow_order_and_chaos_1,
          nicolae_dithmenos_the_darkroom, lemuel_crystal_altar, enter_ossuary_4
D:5:      layout_gridville, elyvilon_altar_5, uniq_eustachio, uniq_pikel
D:6:      layout_basic, lemuel_coloured_pillars_altar,
          minmay_temple_entry_nine_rooms, hangedman_minor_gate_pass,
          uniq_crazy_yiuf_cottage, uniq_blork_the_orc, uniq_maggie
D:7:      layout_basic, serial_shops, nicolae_stop_n_shop_1, uniq_duvessa,
          uniq_prince_ribbit1
D:8:      layout_basic, slow_altar_2, grunt_lair_entry_orc_guard_hut,
          minmay_fractal_squares_gapless_5
D:9:      layout_loops_ring, dancing_weapons_uskayaw, uniq_maurice
D:10:     layout_roguey
D:11:     layout_basic
D:12:     layout_basic, orc_david_3, serial_shops,
          nicolae_shop_industrial_runoff, kennysheep_small_spiral, uniq_azrael
D:13:     layout_grid_maze, chequers_serial_rivers_micro_d
D:14:     layout_rooms, david_vaults_3, nicolae_benzene_ring
D:15:     grunt_enter_depths_hoard, layout_rooms,
          portal_ice_cave_entry_pillars_three, serial_bayou_pond_d
Lair:1:   gammafunk_worm_tunnel, layout_loops_ring, grunt_forest_large_clearings
Lair:2:   layout_cave_pods, lemuel_fruit_fields
Lair:3:   layout_loops_ring, minmay_shoals_entry_beasts,
          spider_nest_entry_web_field, ebering_ghost_disaster_area,
          serial_bayou_pond_a, chequers_serial_rivers_large_a, uniq_urug
Lair:4:   layout_cave_shapes, minmay_slime_entry_pillars,
          nicolae_lair_liquid_snakes
Lair:5:   cheibrodos_lair_end_hotspot, layout_regular_city, uniq_sonja
Spider:1: layout_spider_delve
Orc:1:    layout_caves, serial_shops, shop, minmay_orc_keep
Orc:2:    st_orc_congregation, layout_diamond_mine, basic_altar,
          nooodl_orcs_dogs
Elf:1:    elf_arrival_001, layout_loops_cross, kennysheep_underground_church,
          lemuel_flame_loot_1

Skill      XL: |  1  2  3  4  5  6  7  8  9 10 11 12 13 14 15 |
---------------+----------------------------------------------+-----
Ranged Weapons | 6 7 8 9 11 13 15 17 19 | 19.3
Fighting       | 2 3 4 6 8 9 11 12 | 12.8
Armour         | 1 2 |  2.2
Dodging        | 3 4 5 7 8 9 |  9.6
Stealth        | 2 3 4 |  4.8
Hexes          | 5 6 8 10 11 12 | 12.7
Invocations    | 4 6 8 9 10 11 | 11.7
Short Blades   | 1 2 3 |  3.5
Spellcasting   | 2 4 5 6 8 10 | 10.0
Translocations | 3 4 |  4.0
Fire Magic     | 3 4 5 |  5.0
Shields        | 1 2 3 |  3.2

Action                     |  1- 3 |  4- 6 |  7- 9 | 10-12 | 13-15 || total
---------------------------+-------+-------+-------+-------+-------++-------
  Melee: Dagger            |       |       |    34 |       |       ||    34
   Fire: Shortbow          |   153 |   176 |   302 |       |       ||   631
         Heavy crossbow    |       |       |    21 |   212 |   469 ||   702
         Longbow           |       |       |       |       |   122 ||   122
  Throw: Dart              |       |     1 |       |       |       ||     1
   Cast: Inner Flame       |       |       |       |       |     6 ||     6
 Invoke: Wall of Briars    |       |       |       |     8 |     9 ||    17
         Grow Oklob        |       |       |       |       |     4 ||     4
  Evoke: Wand              |       |       |     1 |       |       ||     1
         Condenser vane    |       |       |       |       |     1 ||     1
    Use: Scroll            |       |       |    10 |     6 |    11 ||    27
         Potion            |       |       |       |     3 |     1 ||     4
   Stab: Paralysed         |       |       |     1 |       |       ||     1
 Armour: Leather armour    |    18 |    41 |    75 |       |       ||   134
         Acid dragon scale |       |       |       |    34 |    44 ||    78
         Ring mail         |       |       |       |       |   120 ||   120
  Dodge: Dodged            |    28 |    49 |   151 |    62 |   289 ||   579
  Block: Other             |       |       |       |       |   113 ||   113
         Reflection        |       |       |       |       |     7 ||     7

Table legend: (Time is in decaauts)
 A = Elapsed time spent in this place.
 B = Non-inter-level travel time spent in this place.
 C = Inter-level travel time spent in this place.
 D = Time resting spent in this place.
 E = Time spent auto-exploring this place.
 F = Levels seen in this place.
 G = Mean time per level.
                   A        B        C        D        E       F      G
               +--------+--------+--------+--------+--------+-----+--------+
         Total |  23326 |  21855 |   1471 |   3252 |  13484 |  26 |  897.2 |
       Dungeon |  14237 |  13287 |    950 |   2023 |   8710 |  15 |  949.1 |
          Lair |   4830 |   4531 |    299 |    123 |   3471 |   5 |  966.0 |
   Spider Nest |     34 |     34 |      0 |      0 |     11 |   1 |   34.0 |
  Orcish Mines |   2404 |   2185 |    219 |    530 |    938 |   2 | 1202.0 |
   Elven Halls |    385 |    384 |      1 |     48 |    113 |   1 |  385.0 |
       Ossuary |    935 |    935 |      0 |    224 |    229 |   1 |  935.0 |
      Ice Cave |    497 |    497 |      0 |    303 |     12 |   1 |  497.0 |
               +--------+--------+--------+--------+--------+-----+--------+

Top non-repeatable levels by time:
    D:12: 2064 daAuts
   Orc:2: 1491 daAuts
  Lair:5: 1300 daAuts
     D:8: 1168 daAuts
  Lair:2: 1094 daAuts
     D:6: 1081 daAuts
    D:14: 1048 daAuts
     D:9: 1041 daAuts
     D:4: 990 daAuts
     D:3: 947 daAuts
 Ossuary: 935 daAuts
    D:13: 933 daAuts
   Orc:1: 913 daAuts
    D:10: 890 daAuts
    D:11: 883 daAuts
